 Dungeon Crawl Stone Soup version 0.31-a0-836-g3ceb0a68c4 (webtiles) character file.

Game seed: 3196179887738166322

28 demibob the Poker (level 3, -1/46 HPs)
             Began as a Draconian Chaos Knight on Sept 27, 2023.
             Was a Plaything of Xom.
             Killed from afar by Sigmund (5 damage)
             ... with a puff of flame
             ... on level 2 of the Dungeon.
             The game lasted 00:01:38 (708 turns).

demibob the Poker (Draconian Chaos Knight)           Turns: 708, Time: 00:01:39

Health: -1/46      AC: 21    Str: 14    XL:     3   Next: 0%
Magic:  3/3        EV:  2    Int: 14    God:    Xom [..*...]
Gold:   56         SH:  0    Dex: 10    Spells: 2/2 levels left

rFire   . . .        a - +0 spear (chaos)
rCold   . . .        (no shield)
rNeg    . . .        (body armour unavailable)
rPois   +            (helmet currently unavailable)
rElec   .            (cloak currently unavailable)
rCorr   .            (gloves currently unavailable)
SInv    .            (boots currently unavailable)
Will    .....        (no amulet)
Stlth   +            (no ring)
HPRegen 0.27/turn    (no ring)
MPRegen 0.08/turn

%: no passive effects
@: tree-form
A: stationary, stasis, torment immunity, boosted hp, AC +5, unfitting armour,
(cold-blooded)
a: Renounce Religion


You were on level 2 of the Dungeon.
You worshipped Xom.
You were a toy of Xom.
You were a tree.
You visited 1 branch of the dungeon, and saw 2 of its levels.

You collected 56 gold pieces.


Innate Abilities, Weirdness & Mutations

You are a tree.
Your roots penetrate the ground, keeping you stationary.
You cannot be teleported.
You are immune to unholy pain and torment.
Your maximum health is greatly increased.
Your equipment is partially melded.
((Your plain brown scales are hard. (AC +5)))
You cannot fit into any form of body armour.
((You are cold-blooded and may be slowed by cold attacks.))


   Skills:
 - Level 3.2 Fighting
 + Level 4.1 Polearms
 - Level 2.1 Dodging
 + Level 0.3 Necromancy
 + Level 0.3 Evocations


You had 2 spell levels left.
You didn't know any spells.
Your spell library contained the following spells:

 Spells                   Type           Power      Damage    Failure   Level
 Tukima's Dance           Hex            0%         N/A       65%         3
 Dimensional Bullseye     Hex/Tloc       0%         N/A       96%         4
 Iskenderun's Mystic Bla  Conj/Tloc      0%         2d3       96%         4

Inventory:

Hand Weapons
 a - a +0 spear of chaos (weapon)
Armour
 e - a +0 cloak
Magical Staves
 h - a staff of death {!a}
Jewellery
 I - a +6 ring of intelligence
Scrolls
 b - a scroll of butterflies
Potions
 f - a potion of haste {@q3}

Dungeon Overview and Level Annotations

Branches:
Dungeon (2/15)

Altars:

Annotations:
D:2 Robin, Sigmund

#.# # ..#
#.# #. #<#
#.#
#.###.##
#.# ......
#.# .g.>#
###.# #..#
#...#
#..######
#.###
#.♣.....#
#.#
##.####.#
#.#
.#######{#
#.# #.#
.........#
#.#######.#
##########
#.........#
###########


You could see Robin.


Message History

You turn into a tree.
Your roots penetrate the ground.
You feel less confused.
You cannot move.
You swing at nothing.
You hear some strange, mumbled words.
You are confused.
You swing at nothing.
Something hits you but does no damage.
You swing at nothing.
You swing at nothing.
You hear a zap.
A puff of flame appears from out of thin air!
The puff of flame hits you but does no damage.
You attack the rock wall.
Something hits you but does no damage.
You swing at nothing.
You swing at nothing.
You feel less confused.
You hear some strange, mumbled words.
A puff of flame appears from out of thin air!
The puff of flame hits you!
* * * LOW HITPOINT WARNING * * *
You swing at nothing.
Something hits you but does no damage.
You swing at nothing.
Something hits you.
* * * LOW HITPOINT WARNING * * *
You swing at nothing.
Robin of the Strong Arm comes into view.
They are wielding a +0 mace.
You swing at nothing.
Robin shouts!
You hear a shout! x2; You hear a zap.
A puff of flame appears from out of thin air!
The puff of flame hits you.
You die...

Skill      XL: |  1  2 |
---------------+-------+-----
Polearms       | 4 |  4.1
Fighting       | |  3.2
Dodging        | |  2.1
Necromancy     | |  0.3
Evocations     | |  0.3

Action                     || total
---------------------------++-------
  Melee: Spear             ||    60
         Tailslap          ||    11
    Use: Scroll            ||     3
         Potion            ||     1
 Armour: Skin              ||    47
  Dodge: Dodged            ||    45

Levels and vault maps discovered:
D:1:      minmay_arrival_jagged, layout_basic, basic_ecumenical_altar
D:2:      layout_loops_ring, uniq_sigmund, uniq_robin

Notes
Turn   | Place    | Note
-------+----------+-------------------------------------------
     0 | D:1      | demibob the Draconian Chaos Knight began the quest for the
                  | Orb.
     0 | D:1      | Reached XP level 1. HP: 19/19 MP: 1/1
   139 | D:1      | XOM: silly message
   187 | D:1      | Reached XP level 2. HP: 26/26 MP: 2/2
   326 | D:1      | Reached skill level 4 in Polearms
   428 | D:1      | Found a faded altar of an unknown god.
   634 | D:2      | XOM: enchant monster (good)
   673 | D:2      | Reached XP level 3. HP: 31/31 MP: 3/3
   682 | D:2      | Noticed Sigmund
   706 | D:2      | HP: 4/46 [something (3)]
   707 | D:2      | Noticed Robin
   708 | D:2      | Killed from afar by Sigmund

Vanquished Creatures
  A dart slug (D:1)
  2 bats (D:1)
  3 endoplasms (D:1)
  2 giant cockroaches
  3 goblins
  2 hobgoblins
  3 jackals (D:1)
  A quokka (D:1)
  2 frilled lizards
  A kobold (D:1)
  2 rats (D:1)
22 creatures vanquished.

Table legend: (Time is in decaauts)
 A = Elapsed time spent in this place.
 B = Non-inter-level travel time spent in this place.
 C = Inter-level travel time spent in this place.
 D = Time resting spent in this place.
 E = Time spent auto-exploring this place.
 F = Levels seen in this place.
 G = Mean time per level.
                   A        B        C        D        E       F      G
               +--------+--------+--------+--------+--------+-----+--------+
         Total |    701 |    673 |     28 |      0 |    512 |   2 |  350.5 |
       Dungeon |    701 |    673 |     28 |      0 |    512 |   2 |  350.5 |
               +--------+--------+--------+--------+--------+-----+--------+

Top non-repeatable levels by time:
     D:1: 591 daAuts
     D:2: 109 daAuts

Table legend:
 A = Non-vault XP
 B = Vault XP
 C = Vault XP percentage of total XP
 D = Non-vault monster count
 E = Vault monster count
 F = Vault count percentage of total count
                 A         B        C        D         E       F
            +---------+---------+-------+---------+---------+-------
      Total |      41 |       0 |   0.0 |      22 |       0 |   0.0
            +---------+---------+-------+---------+---------+-------
        D:1 |      34 |       0 |   0.0 |      18 |       0 |   0.0
        D:2 |       7 |       0 |   0.0 |       4 |       0 |   0.0
            +---------+---------+-------+---------+---------+-------
